 Dungeon Crawl Stone Soup version 0.28-a0-43-g560ac104fe (webtiles) character file.

Game seed: 15934977924027535893

44 Sin92 the Skirmisher (level 3, 0/29 HPs)
             Began as a Demonspawn Fighter on July 28, 2021.
             Succumbed to an adder's poison
             ... on level 2 of the Dungeon.
             The game lasted 00:01:42 (1455 turns).

Sin92 the Skirmisher (Demonspawn Fighter)           Turns: 1455, Time: 00:01:42

Health: 0/29       AC:  6    Str: 17    XL:     3   Next: 39%
Magic:  3/3        EV:  7    Int: 11    God:
Gold:   92         SH:  9    Dex: 12    Spells: 2/2 levels left

rFire   + . .      SeeInvis .   a - +0 war axe
rCold   . . .      Faith    .   c - +0 kite shield
rNeg    . . .      Spirit   .   b - +0 scale mail
rPois   .          Reflect  .   (helmet restricted)
rElec   .          Harm     .   (no cloak)
rCorr   .          Rampage  .   (no gloves)
Will    .....                   (no boots)
Stlth   ..........              e - amulet of the acrobat
HPRegen 0.09/turn               (no ring)
MPRegen 0.16/turn               (no ring)

@: lethally poisoned (0 -> -4)
A: ignite blood 1, magic regeneration, horns 1, clever 1, fire resistance 1
a: no special abilities


You were on level 2 of the Dungeon.
You visited 1 branch of the dungeon, and saw 2 of its levels.

You collected 92 gold pieces.

Inventory:

Hand Weapons
 a - a +0 war axe (weapon)
Armour
 b - a +0 scale mail (worn)
 c - a +0 kite shield (worn)
Jewellery
 e - an amulet of the acrobat (around neck)
Scrolls
 g - a scroll of enchant weapon
Potions
 d - a potion of might


   Skills:
 + Level 3.3 Fighting
 * Level 2.4 Axes
 + Level 2.9 Armour
 + Level 1.0 Dodging
 + Level 2.9 Shields


You had 2 spell levels left.
You didn't know any spells.
Your spell library was empty.

Dungeon Overview and Level Annotations

Branches:
Dungeon (2/15)

Altars:
Dithmenos
Nemelex Xobeh

Annotations:
D:2 1 runed translucent door, Crazy Yiuf


Innate Abilities, Weirdness & Mutations

Your demonic aura sometimes causes spilled blood to erupt in flames.
You regenerate magic rapidly.
You have a pair of small horns on your head.
Your mind is acute. (Int +2)
Your flesh is heat resistant. (rF+)


Message History

You hit the adder.
The adder is almost dead.
The adder bites you but does no damage. You block the adder's attack.
You barely miss the adder.
The adder is almost dead.
You block the adder's attack. The adder bites you but does no damage.
You block the adder's attack.
You closely miss the adder.
The adder is almost dead.
The adder bites you. x2
You are poisoned.
The adder poisons you!
You barely miss the adder.
The adder is almost dead.
* * * LOW HITPOINT WARNING * * *
You feel very sick. The adder bites you but does no damage.
The adder bites you.
* * * LOW HITPOINT WARNING * * *
You are lethally poisoned!
The adder poisons you!
It was a potion of mutation.
You feel extremely strange.
You feel clever. A pair of horns grows on your head!
You feel resistant to heat.
* * * LOW HITPOINT WARNING * * *
You feel sick. The adder barely misses you.
Unknown command.
As you read the scroll labelled GUTOS TAECHIRCH, it crumbles to dust.
It is a scroll of identify.
g - a scroll of enchant weapon
* * * LOW HITPOINT WARNING * * *
You feel sick. You block the adder's attack. x2
You completely miss the adder.
The adder is almost dead.
* * * LOW HITPOINT WARNING * * *
You feel sick. The adder bites you but does no damage.
You block the adder's attack.
Unknown command.
You slash the adder!
You kill the adder!
You die...

########....####
................
#.#.###.#......
#..............
#.#.###.#..)...
##.#.#[#.#......
#..#.###.#......
..#######.............(.
..$...†@...#.###.#.#####
.........#.........#
.........##...######
.........##...#
#>............+
#.#########...# # .....


There were no monsters in sight!

Vanquished Creatures
  An adder (D:2)
  2 worms (D:2)
  3 dart slugs
  2 ball pythons (D:1)
  3 bats
  3 endoplasms (D:2)
  2 hobgoblins (D:2)
  A quokka (D:1)
  2 frilled lizards
  4 goblins
  5 kobolds
  5 rats
33 creatures vanquished.

Notes
Turn   | Place    | Note
-------+----------+-------------------------------------------
     0 | D:1      | Sin92 the Demonspawn Fighter began the quest for the Orb.
     0 | D:1      | Reached XP level 1. HP: 18/18 MP: 1/1
    72 | D:1      | Found a shadowy altar of Dithmenos.
   230 | D:1      | Gained mutation: Your demonic aura sometimes causes spilled
                  | blood to erupt in flames. [demonic ancestry]
   230 | D:1      | Reached XP level 2. HP: 23/24 MP: 2/2
   269 | D:1      | Found a faded altar of an unknown god.
   820 | D:2      | Found a runed translucent door.
   821 | D:2      | Noticed Crazy Yiuf
   976 | D:2      | Found a sparkling altar of Nemelex Xobeh.
  1069 | D:2      | Gained mutation: You regenerate magic rapidly. [demonic
                  | ancestry]
  1069 | D:2      | Reached XP level 3. HP: 24/29 MP: 3/3
  1283 | D:2      | Reached skill level 1 in Dodging
  1452 | D:2      | Gained mutation: Your mind is acute. (Int +2) [potion of
                  | mutation]
  1452 | D:2      | Gained mutation: You have a pair of small horns on your
                  | head. [potion of mutation]
  1452 | D:2      | Gained mutation: Your flesh is heat resistant. (rF+)
                  | [potion of mutation]
  1454 | D:2      | HP: 1/29 [poisoned by an adder]
  1455 | D:2      | Succumbed to an adder's poison

Illustrated notes

Levels and vault maps discovered:
D:1:      psy_arrival_whirlpool, layout_basic, basic_ecumenical_altar,
          kennysheep_flooded_box
D:2:      layout_basic, basic_altar, minmay_surrounded, uniq_crazy_yiuf_cottage

Skill      XL: |  1  2  3 |
---------------+----------+-----
Axes           | 2 |  2.4
Dodging        | 1 |  1.0
Fighting       | |  3.3
Armour         | |  2.9
Shields        | |  2.9

Action                   || total
-------------------------++-------
Melee: War axe           ||    86
  Use: Scroll            ||     3
       Potion            ||     1
Armor: Scale mail        ||    45
Dodge: Dodged            ||    41
Block: Kite shield       ||    40

Table legend: (Time is in decaauts)
 A = Elapsed time spent in this place.
 B = Non-inter-level travel time spent in this place.
 C = Inter-level travel time spent in this place.
 D = Time resting spent in this place.
 E = Time spent auto-exploring this place.
 F = Levels seen in this place.
 G = Mean time per level.
                   A        B        C        D        E       F      G
               +--------+--------+--------+--------+--------+-----+--------+
         Total |   1510 |   1500 |     10 |      0 |   1261 |   2 |  755.0 |
       Dungeon |   1510 |   1500 |     10 |      0 |   1261 |   2 |  755.0 |
               +--------+--------+--------+--------+--------+-----+--------+

Top non-repeatable levels by time:
     D:1: 796 daAuts
     D:2: 714 daAuts
